 Dungeon Crawl Stone Soup version 0.24.1-4-ge52af88ad5 (webtiles) character file.

Game seed: 1986440334593034558, levelgen mode: deterministic

11543 seopung the Cleaver (level 11, -14/80 HPs)
             Began as a Demonspawn Venom Mage on Apr 20, 2020.
             Was an Elder of Qazlal.
             Demolished by Snorg (21 damage)
             ... on level 10 of the Dungeon.
             The game lasted 00:47:06 (12245 turns).

seopung the Cleaver (Demonspawn Venom Mage)        Turns: 12245, Time: 00:47:06

Health: -14/80     AC: 11    Str: 17    XL:     11   Next: 50%
Magic:  0/18       EV: 12    Int: 17    God:    Qazlal [****..]
Gold:   172        SH: 10    Dex: 13    Spells: 10/20 levels left

rFire    + . .     SeeInvis +   a - +4 broad axe (flame)
rCold    . . .     Gourm    .   m - +0 buckler
rNeg     . . .     Faith    .   Q - +0 troll leather armour
rPois    .         Spirit   +   (helmet unavailable)
rElec    .         Reflect  .   G - +0 cloak
rCorr    .         Harm     .   J - +0 pair of gloves (curse)
MR       .....                  l - +0 pair of boots {Fly}
Stlth    +.........             s - amulet of guardian spirit
HPRegen  0.63/turn              A - ring of protection from fire
MPRegen  0.16/turn              (no ring)

@: mighty, about to teleport, flying, repel missiles
A: antennae 3, iridescent scales 1, powered by pain 1
a: Upheaval, Elemental Force, Renounce Religion, Stop Flying


You were on level 10 of the Dungeon.
You worshipped Qazlal.
Qazlal was greatly pleased with you.
You were not hungry.

You visited 1 branch of the dungeon, and saw 10 of its levels.

You collected 501 gold pieces.
You spent 329 gold pieces at shops.

Inventory:

Hand Weapons
 a - a +4 broad axe of flaming (weapon)
 b - a +6 antimagic flail
 y - the +6 spear of the Vulture {pierce, rPois rF+ Dex+3, unknown}
   (You found it on level 6 of the Dungeon)

   It inflicts extra damage upon your enemies.
   It affects your dexterity (+3).
   It protects you from fire.
   It protects you from poison.
Missiles
 D - 4 javelins (quivered)
 I - a throwing net
 S - 2 curare-tipped darts
Armour
 l - a +0 pair of boots of flying (worn)
 m - a +0 buckler (worn)
 o - a scarf of spirit shield
 v - a +0 scale mail
 B - a +0 ring mail
 G - a +0 cloak (worn)
 J - a cursed +0 pair of gloves (worn)
 K - a +0 shield
 M - a +2 scale mail of poison resistance
 Q - a +0 troll leather armour (worn)
Jewellery
 s - an amulet of guardian spirit (around neck)
 A - a ring of protection from fire (left hand)
Wands
 g - a wand of random effects (14)
 q - a wand of acid (2)
 x - a wand of disintegration (15)
 E - a wand of enslavement (11)
 L - a wand of flame (32)
 O - a wand of polymorph (8)
Scrolls
 d - 5 scrolls of remove curse
 f - 3 scrolls of blinking {unknown}
 j - 2 scrolls of immolation {unknown}
 k - 8 scrolls of identify
 n - 3 scrolls of amnesia {unknown}
 r - 2 scrolls of magic mapping {unknown}
 t - 2 scrolls of fog {unknown}
 u - 2 scrolls of fear {unknown}
 w - a scroll of noise {unknown}
 F - 4 scrolls of teleportation
 H - a scroll of holy word {unknown}
 T - 2 scrolls of enchant weapon {unknown}
Potions
 e - a potion of heal wounds
 h - a potion of ambrosia {unknown}
 i - 2 potions of curing
 p - 3 potions of degeneration
 z - a potion of brilliance {unknown}
 C - 4 potions of flight {unknown}
 P - a potion of resistance {unknown}
 R - a potion of mutation {unknown}
Comestibles
 c - 25 rations
 N - 5 chunks of flesh


   Skills:
 * Level 5.2 Fighting
 * Level 9.4 Axes
 + Level 1.3 Throwing
 * Level 7.5 Armour
 - Level 1.8 Dodging
 - Level 1.7 Stealth
 - Level 4.5 Shields
 - Level 5.1 Spellcasting
 - Level 3.0 Conjurations
 - Level 4.2 Air Magic
 - Level 7.1 Poison Magic
 * Level 2.2 Invocations
 + Level 0.3 Evocations


You had 10 spell levels left.
You knew the following spells:

 Your Spells              Type           Power        Failure   Level  Hunger
a - Sting                 Conj/Pois      ###.         1%          1    None
b - Poisonous Vapours     Pois/Air       ###...       2%          2    #......
c - Mephitic Cloud        Conj/Pois/Air  ###.....     7%          3    ###....
d - Olgreb's Toxic Radia  Pois           ####....     9%          4    ####...

Your spell library contained the following spells:

 Spells                   Type           Power        Failure   Level  Hunger
 Apportation              Tloc           #.....       16%         1    None
 Summon Butterflies       Summ           #.......     16%         1    None
 Lesser Beckoning         Tloc           #.........   43%         3    ###....
 Tukima's Dance           Hex            #.......     43%         3    ###....
 Venom Bolt               Conj/Pois      ###.......   50%         5    ######.
 Alistair's Intoxication  Tmut/Pois      ###.....     71%         5    ######.
 Invisibility             Hex            #.......     100%        6    #######
 Malign Gateway           Summ/Tloc      #.........   100%        7    #######
 Monstrous Menagerie      Summ           #.........   100%        7    #######
 Summon Greater Demon     Summ           #.........   100%        7    #######
 Summon Horrible Things   Summ           #.........   100%        8    #######


Dungeon Overview and Level Annotations

Branches:
Dungeon (10/15)            Temple (0/1) D:7            Lair (0/6) D:9
    Orc: D:9-12

Altars:
Ashenzari
Fedhas
Okawaru
Qazlal
Wu Jian
Xom
Yredelemnul

Shops:
D:6 *(*?:

Annotations:
D:7 exclusion: downstairs
D:8 exclusion: downstairs
D:10 Snorg


Innate Abilities, Weirdness & Mutations

You have a pair of large antennae on your head. (SInv)
You are partially covered in iridescent scales. (AC +2)
You sometimes gain a little power by taking damage.


Message History

Okay, then.
Okay, then.
As you read the scroll labeled CESICA PEKH, it crumbles to dust.
You feel strangely unstable.
It was a scroll of teleportation.
You block Snorg's attack. Snorg closely misses you. Snorg misses you.
Snorg barely misses you. Snorg claws you but does no damage.
Snorg barely misses you.
You reach down and open the door.
Snorg bites you!!
* * * LOW HITPOINT WARNING * * *
You focus on the pain.
You feel your power returning. Snorg claws you!
* * * LOW HITPOINT WARNING * * *
Snorg claws you!
* * * LOW HITPOINT WARNING * * *
Unknown command.
You feel much better. Snorg bites you!!
* * * LOW HITPOINT WARNING * * *
You focus on the pain.
You feel very mighty all of a sudden.
You block Snorg's attack. x2; Snorg bites you!!
You die...

#############
........... .........
....... ..... ...
####'### #...@..#
#.§.T..# ####...☼.○#
#.........#
#.........# ...
#.........# .. ....
#.[.......#...#
.....#'#########...#
#...................#


You could see Snorg (berserk).

Vanquished Creatures
  Erolcha (D:9)
  Harold (D:7)
  A two-headed ogre (D:10)
  Erica (D:8)
  3 death yaks
  Pikel (D:7)
  Psyche (D:9)
  Maurice (D:8)
  3 trolls
  2 hippogriffs (D:7)
  A vampire (D:10)
  A human (D:7)
  Eustachio (D:4)
  A hungry ghost (D:9)
  4 hogs (D:7)
  Edmund (D:5)
  A water moccasin (D:8)
  An orc warrior (D:7)
  4 slaves (D:7)
  3 sky beasts
  A black bear (D:9)
  4 ogres
  2 phantoms
  3 centaurs
  3 bullfrogs
  5 scorpions
  8 killer bees (D:7)
  9 wights
  A howler monkey (D:5)
  7 crimson imps
  2 jellies
  A bullfrog zombie (D:7)
  2 quasits
  A centaur zombie (D:8)
  3 bullfrog skeletons
  6 hounds
  Crazy Yiuf (D:5)
  2 orc priests
  3 iguanas
  10 orc wizards
  4 worker ants
  2 hound zombies
  A worker ant zombie (D:5)
  11 adders
  A river rat (D:9)
  2 shadow imps
  2 oozes (D:2)
  An adder zombie (D:10)
  4 worms
  5 dart slugs
  3 leopard geckos
  26 orcs
  A ball python (D:1)
  6 giant cockroaches
  4 goblins
  6 hobgoblins
  20 jackals
  4 quokkas
  10 bats
  2 frilled lizards
  7 kobolds
  A leopard gecko skeleton (D:4)
  A quokka skeleton (D:6)
  A quokka zombie (D:9)
  11 rats
243 creatures vanquished.

Vanquished Creatures (others)
  A hound (D:5)
  A gnoll (D:5)
  An adder (D:5)
  A jackal (D:5)
4 creatures vanquished.

Grand Total: 247 creatures vanquished

Notes
Turn   | Place    | Note
-------+----------+-------------------------------------------
     0 | D:1      | seopung the Demonspawn Venom Mage began the quest for the
                  | Orb.
     0 | D:1      | Reached XP level 1. HP: 13/13 MP: 3/3
   255 | D:1      | You fall into a shaft and drop 1 floor!
   276 | D:2      | Gained mutation: You are partially covered in iridescent
                  | scales. (AC +2) [demonic ancestry]
   276 | D:2      | Reached XP level 2. HP: 17/19 MP: 1/5
   303 | D:2      | Learned a level 2 spell: Poisonous Vapours
   846 | D:1      | Reached XP level 3. HP: 24/24 MP: 2/6
   902 | D:1      | Reached skill level 1 in Armour
  1823 | D:2      | Learned a level 3 spell: Mephitic Cloud
  1884 | D:2      | Reached XP level 4. HP: 16/30 MP: 0/8
  2058 | D:2      | Found an ornate altar of the Wu Jian Council.
  2080 | D:2      | Reached skill level 1 in Air Magic
  2655 | D:2      | Found a stormy altar of Qazlal.
  2736 | D:2      | Became a worshipper of Qazlal Stormbringer
  3055 | D:3      | Reached skill level 1 in Shields
  3105 | D:3      | Found a shattered altar of Ashenzari.
  3331 | D:3      | Found a basalt altar of Yredelemnul.
  3331 | D:3      | Found a blossoming altar of Fedhas.
  3588 | D:3      | Gained mutation: You have a pair of small antennae on your
                  | head. [demonic ancestry]
  3588 | D:3      | Reached XP level 5. HP: 36/36 MP: 5/9
  3751 | D:4      | Noticed Eustachio
  3797 | D:4      | Killed Eustachio
  3797 | D:4      | Reached skill level 1 in Fighting
  3797 | D:4      | Gained mutation: You have a pair of antennae on your head.
                  | [demonic ancestry]
  3797 | D:4      | Reached XP level 6. HP: 36/43 MP: 0/11
  3893 | D:4      | Learned a level 4 spell: Olgreb's Toxic Radiance
  3918 | D:4      | You fall into a shaft and drop 1 floor!
  3918 | D:5      | Entered Level 5 of the Dungeon
  4033 | D:4      | Found an iron altar of Okawaru.
  4593 | D:4      | Reached * piety under Qazlal
  4954 | D:5      | Reached XP level 7. HP: 48/48 MP: 7/12
  5423 | D:5      | Found a shimmering altar of Xom.
  5617 | D:5      | Noticed Edmund
  5638 | D:5      | Killed Edmund
  5638 | D:5      | Reached skill level 5 in Poison Magic
  5638 | D:5      | Gained mutation: You sometimes gain a little power by
                  | taking damage. [demonic ancestry]
  5638 | D:5      | Reached XP level 8. HP: 56/56 MP: 5/14
  6558 | D:5      | Found a runed translucent door.
  6559 | D:5      | Noticed Crazy Yiuf
  6765 | D:5      | Killed Crazy Yiuf
  6886 | D:6      | Found Vuclicir's General Store.
  6900 | D:6      | Bought a +0 pair of boots of flying for 126 gold pieces
  6941 | D:6      | Found Qeummewu's Weapon Shoppe.
  7000 | D:6      | Found Maobed's Assorted Antiques.
  7020 | D:6      | Reached ** piety under Qazlal
  7020 | D:6      | Reached skill level 5 in Spellcasting
  7021 | D:6      | Reached skill level 1 in Axes
  7235 | D:6      | Found Tacwayv's Book Emporium.
  7236 | D:6      | Got a warped spear
  7480 | D:6      | Found Aschon's Magic Scroll Shoppe.
  7660 | D:6      | Gained mutation: You have a pair of large antennae on your
                  | head. (SInv) [demonic ancestry]
  7660 | D:6      | Reached XP level 9. HP: 62/62 MP: 12/16
  8094 | D:6      | Bought a runed broad axe for 203 gold pieces
  8152 | D:7      | Reached skill level 2 in Axes
  8154 | D:7      | Reached skill level 5 in Armour
  8436 | D:7      | Reached skill level 3 in Axes
  8584 | D:7      | Found a staircase to the Ecumenical Temple.
  8750 | D:7      | Noticed Harold
  8775 | D:7      | Killed Harold
  8775 | D:7      | Reached skill level 5 in Axes
  8775 | D:7      | Reached XP level 10. HP: 56/70 MP: 4/17
  9253 | D:7      | Reached *** piety under Qazlal
  9313 | D:7      | You are sucked into a shaft and drop 1 floor!
  9536 | D:7      | Reached skill level 1 in Throwing
  9647 | D:7      | Noticed Pikel
  9655 | D:7      | Killed Pikel
  9655 | D:7      | Reached skill level 6 in Axes
  9859 | D:8      | Noticed Maurice
  9874 | D:8      | Killed Maurice
  9921 | D:8      | Noticed Erica
 10149 | D:8      | Reached skill level 7 in Axes
 10257 | D:8      | Killed Erica
 10808 | D:9      | Noticed a death yak
 10810 | D:9      | Noticed a death yak
 10811 | D:9      | Noticed a death yak
 10841 | D:9      | Killed a death yak
 10865 | D:8      | Killed a death yak
 10865 | D:8      | Reached XP level 11. HP: 30/77 MP: 10/18
 11194 | D:9      | Killed a death yak
 11194 | D:9      | Reached skill level 8 in Axes
 11357 | D:9      | Noticed Psyche
 11371 | D:9      | Killed Psyche
 11396 | D:9      | Noticed Erolcha
 11404 | D:9      | Killed Erolcha
 11404 | D:9      | Reached skill level 1 in Invocations
 11539 | D:9      | Reached skill level 5 in Fighting
 11748 | D:9      | Reached skill level 9 in Axes
 11766 | D:9      | Reached **** piety under Qazlal
 11800 | D:9      | Found a staircase to the Lair.
 12097 | D:10     | Entered Level 10 of the Dungeon
 12121 | D:10     | Noticed a two-headed ogre
 12133 | D:10     | Killed a two-headed ogre
 12234 | D:10     | Noticed Snorg
 12245 | D:10     | Demolished by Snorg

Levels and vault maps discovered:
D:1:      erik_arrival_blinker_ship, layout_basic
D:2:      layout_loops_ring, nicolae_overflow_hidden_temple,
          lemuel_coloured_pillars_altar
D:3:      layout_loops_cross, nicolae_overflow_crystal_walls,
          gammafunk_temple_overflow_wave, first_ration
D:4:      layout_loops_ring, kennysheep_little_box, uniq_eustachio
D:5:      layout_basic, nrook_uturn, xom_confusion_cloud, uniq_edmund,
          uniq_crazy_yiuf_cottage
D:6:      layout_loops_ring, serial_shops, shop, shop, shop, nicolae_shop_trees,
          shop, minmay_a_box_with_orc_wizards_in_it
D:7:      layout_basic, minmay_temple_entry_slanted, grunt_livestock,
          uniq_pikel, uniq_harold
D:8:      layout_basic, uniq_erica, uniq_maurice
D:9:      layout_loops_ring, dpeg_lair_monsters, uniq_erolcha, uniq_psyche
D:10:     layout_irregular_city, minmay_orc_entry_guard_dogs,
          serial_bayou_ford_a, uniq_snorg

Skill      XL: |  1  2  3  4  5  6  7  8  9 10 11 |
---------------+----------------------------------+-----
Armour         | 1 2 3 4 5 7 |  7.5
Air Magic      | 1 2 3 4 |  4.2
Spellcasting   | 3 4 5 |  5.1
Shields        | 1 2 3 4 |  4.5
Fighting       | 1 2 3 4 5 |  5.2
Poison Magic   | 4 5 7 |  7.1
Axes           | 1 5 7 9 |  9.4
Conjurations   | 3 |  3.0
Throwing       | 1 |  1.3
Invocations    | 2 |  2.2
Dodging        | |  1.8
Stealth        | |  1.7
Evocations     | |  0.3

Action                   |  1- 3 |  4- 6 |  7- 9 | 10-12 || total
-------------------------+-------+-------+-------+-------++-------
Melee: Club              |    83 |    41 |       |       ||   124
       Whip              |       |    97 |     8 |       ||   105
       Rapier            |       |    38 |   120 |       ||   158
       Flail             |       |       |    70 |       ||    70
       Broad axe         |       |       |    44 |   198 ||   242
Throw: Javelin           |       |       |     4 |     7 ||    11
       Throwing net      |       |       |       |     2 ||     2
 Cast: Sting             |    12 |       |       |       ||    12
       Poisonous Vapours |    32 |    42 |    89 |    70 ||   233
Evoke: Wand              |       |       |     3 |     1 ||     4
  Use: Potion            |     1 |       |       |     3 ||     4
       Scroll            |       |     1 |     1 |     2 ||     4
 Stab: Sleeping          |     3 |     4 |       |       ||     7
       Held in net/web   |       |       |       |     1 ||     1
  Eat: Chunk             |     4 |    13 |    15 |    13 ||    45
Armor: Robe              |    30 |    56 |       |       ||    86
       Ring mail         |       |     3 |   109 |    37 ||   149
       Scale mail        |       |       |       |    65 ||    65
       Troll leather arm |       |       |       |    12 ||    12
Dodge: Dodged            |    77 |   135 |   135 |   111 ||   458
       Deflected         |       |       |       |     2 ||     2
Block: Buckler           |    14 |    32 |    92 |   117 ||   255
       Shield            |       |       |       |    21 ||    21
